 Dungeon Crawl Stone Soup version 0.28-a0-906-g0406aca7d3 (webtiles) character file.

Game seed: 6330607627456207454

142 bande the Covered (level 5, 0/33 HPs)
             Began as a Gargoyle Fighter on Nov 24, 2021.
             Slain by an iguana (5 damage)
             ... on level 4 of the Dungeon.
             The game lasted 00:02:27 (2336 turns).

bande the Covered (Gargoyle Fighter)                Turns: 2336, Time: 00:02:28

Health: 0/33       AC: 11    Str: 20    XL:     5   Next: 24%
Magic:  5/5        EV:  9    Int:  9    God:
Gold:   65         SH:  4    Dex:  9    Spells: 4/4 levels left

rFire   . . .      SeeInvis .   a - +0 war axe
rCold   . . .      Faith    .   c - +0 buckler
rNeg    + . .      Spirit   .   b - +0 scale mail
rPois   ∞          Reflect  .   (no helmet)
rElec   +          Harm     .   (no cloak)
rCorr   .          Rampage  .   (no gloves)
Will    +....                   (no boots)
Stlth   ..........              (no amulet)
HPRegen 0.11/turn               i - ring of flight
MPRegen 0.09/turn               o - ring of willpower

@: flying
A: sickness immunity, AC +4, negative energy resistance 1, electricity
resistance, torment resistance 1, petrification resistance
a: no special abilities


You were on level 4 of the Dungeon.
You visited 1 branch of the dungeon, and saw 3 of its levels.

You collected 65 gold pieces.

Inventory:

Hand Weapons
 a - a +0 war axe (weapon)
 e - a +5 vorpal war axe
Armour
 b - a +0 scale mail (worn)
 c - a +0 buckler (worn)
 k - a +2 ring mail of fire resistance
Jewellery
 i - a ring of flight (left hand)
 o - a ring of willpower (right hand)
 p - the amulet of Vitality {Regen+ HP+15}
   (You found it on level 4 of the Dungeon)

   [amulet of regeneration]

   HP:        It affects your health (+15).
   Regen:     It increases your rate of health regeneration.
Wands
 r - a wand of paralysis (14)
Scrolls
 f - 2 scrolls of enchant weapon {unknown}
 g - a scroll of fear {unknown}
 l - a scroll of enchant armour {unknown}
 m - a scroll of magic mapping {unknown}
 n - 2 scrolls of immolation {unknown}
 q - a scroll of noise {unknown}
 s - a scroll of identify
 t - a scroll of teleportation
Potions
 d - a potion of might
 h - a potion of resistance
 j - a potion of berserk rage {unknown}


   Skills:
 + Level 3.9 Fighting
 + Level 3.4 Axes
 + Level 4.1 Armour
 + Level 3.9 Shields


You had 4 spell levels left.
You didn't know any spells.
Your spell library was empty.

Dungeon Overview and Level Annotations

Branches:
Dungeon (2/15)

Altars:


Innate Abilities, Weirdness & Mutations

You are immune to sickness and miasma.
Your stone body is resilient. (AC +4)
You are immune to poison.
You resist negative energy. (rN+)
You are resistant to electric shocks. (rElec)
You are resistant to unholy torment.
You are immune to petrification.


Message History

The phantom is severely damaged.
You hit the iguana. The phantom hits you.
The phantom blinks!
You blink.
The phantom completely misses you.
You slash the phantom!
The phantom is almost destroyed.
The phantom barely misses you.
You barely miss the phantom.
The phantom is almost destroyed.
The phantom hits you. The phantom closely misses you.
You are too injured to fight recklessly!
Unknown command.
You slash the phantom!
You destroy the phantom!
Your Axes skill increases to level 3!
Your Armour skill increases to level 4!
You have reached level 5!
The iguana completely misses you. You block the iguana's attack.
Unknown command.
You block the iguana's attack.
You hit the iguana.
The iguana is heavily wounded.
The iguana hisses menacingly.
The iguana barely misses you. x2
You closely miss the iguana.
The iguana is heavily wounded.
You block the iguana's attack.
You barely miss the iguana.
The iguana is heavily wounded.
The iguana bites you but does no damage.
You hit the iguana.
The iguana is heavily wounded.
The iguana barely misses you. You block the iguana's attack.
You closely miss the iguana.
The iguana is heavily wounded.
The iguana bites you!
* * * LOW HITPOINT WARNING * * *
You hit the iguana.
The iguana is severely wounded.
The iguana bites you.
You die...

#..##..### ##..#
#...##...######...#
#....##...........#
#....####.........#
#....# ######''####
#....## #........#
#.....# #.....)..#
......### #..⌠≈≈⌠..#
........###..≈≈≈@l.#
..........#..≈≈≈≈..#
..........#..⌠≈≈⌠?(#
......#####........#
>....## #........#
....## ##########
....# ....# ....##


You could see an iguana.

Vanquished Creatures
  A phantom (D:4)
  A hound skeleton (D:4)
  An adder (D:2)
  A worm (D:2)
  3 ball pythons
  4 bats
  5 endoplasms
  4 giant cockroaches
  4 goblins
  3 hobgoblins
  A quokka (D:2)
  3 frilled lizards
  3 kobolds
  A rat (D:2)
35 creatures vanquished.

Notes
Turn   | Place    | Note
-------+----------+-------------------------------------------
     0 | D:1      | bande the Gargoyle Fighter began the quest for the Orb.
     0 | D:1      | Reached XP level 1. HP: 14/14 MP: 1/1
   355 | D:1      | Reached XP level 2. HP: 17/19 MP: 2/2
  1212 | D:2      | Identified a scroll of acquirement
  1212 | D:2      | Acquired a +5 vorpal war axe
  1397 | D:2      | Reached XP level 3. HP: 23/23 MP: 3/3
  1696 | D:2      | You are sucked into a shaft and drop 2 floors!
  1802 | D:4      | Reached XP level 4. HP: 29/29 MP: 4/4
  1802 | D:4      | Found the amulet of Vitality {Regen+ HP+15}
  2316 | D:4      | Noticed a phantom
  2327 | D:4      | Killed a phantom
  2328 | D:4      | Reached skill level 4 in Armour
  2328 | D:4      | Reached XP level 5. HP: 14/33 MP: 5/5
  2336 | D:4      | Slain by an iguana

Illustrated notes

Levels and vault maps discovered:
D:1:      onia_arrival_mini_spirals, layout_basic, minmay_pentomino_s2
D:2:      layout_basic
D:4:      layout_layer_cave, kennysheep_generic_room_6

Skill      XL: |  1  2  3  4 |
---------------+-------------+-----
Axes           | 2 3 |  3.4
Armour         | 4 |  4.1
Fighting       | |  3.9
Shields        | |  3.9

Action                   |  1- 3 |  4- 6 || total
-------------------------+-------+-------++-------
Melee: War axe           |   105 |    29 ||   134
  Use: Scroll            |     3 |       ||     3
Armor: Scale mail        |    68 |     9 ||    77
Dodge: Dodged            |    64 |    14 ||    78
Block: Buckler           |    30 |    10 ||    40

Table legend: (Time is in decaauts)
 A = Elapsed time spent in this place.
 B = Non-inter-level travel time spent in this place.
 C = Inter-level travel time spent in this place.
 D = Time resting spent in this place.
 E = Time spent auto-exploring this place.
 F = Levels seen in this place.
 G = Mean time per level.
                   A        B        C        D        E       F      G
               +--------+--------+--------+--------+--------+-----+--------+
         Total |   2388 |   2388 |      0 |      0 |   1965 |   3 |  796.0 |
       Dungeon |   2388 |   2388 |      0 |      0 |   1965 |   3 |  796.0 |
               +--------+--------+--------+--------+--------+-----+--------+

Top non-repeatable levels by time:
     D:1: 1217 daAuts
     D:4: 651 daAuts
     D:2: 519 daAuts
